 Dungeon Crawl Stone Soup version 0.29.0-11-gd7f09526c8 (webtiles) character file.

Game seed: 7540343689025701985

30 Flippered the Conjurer (level 3, -9/18 HPs)
             Began as a Gargoyle Conjurer on Sept 6, 2022.
             Mangled by Crazy Yiuf
             ... wielding a +4 quarterstaff of chaos
              (12 damage)
             ... on level 2 of the Dungeon.
             The game lasted 00:02:33 (1334 turns).

Flippered the Conjurer (Gargoyle Conjurer)          Turns: 1334, Time: 00:02:34

Health: -9/18      AC:  6    Str: 10    XL:     3   Next: 18%
Magic:  6/6        EV: 11    Int: 20    God:
Gold:   63         SH:  0    Dex: 10    Spells: 3/6 levels left

rFire   + . .      SeeInvis .   i - +0 quarterstaff
rCold   + . .      Faith    .   (shield currently unavailable)
rNeg    + . .      Spirit   .   g - +0 leather armour
rPois   ∞          Reflect  .   (no helmet)
rElec   +          Harm     .   (no cloak)
rCorr   +          Rampage  .   (no gloves)
Will    .....                   (no boots)
Stlth   +++.......              (no amulet)
HPRegen 0.06/turn               (no ring)
MPRegen 0.10/turn               (no ring)

@: resistant, flying
A: sickness immunity, AC +3, negative energy resistance 1, electricity
resistance, torment resistance 1, petrification resistance, big wings, thin
skeletal structure 1, frail 1
a: no special abilities


You were on level 2 of the Dungeon.
You visited 1 branch of the dungeon, and saw 2 of its levels.

You collected 63 gold pieces.

Inventory:

Hand Weapons
 i - a +0 quarterstaff (weapon)
Armour
 g - a +0 leather armour (worn)
Jewellery
 f - a ring of magical power
Scrolls
 c - a scroll of blinking {unknown}
 d - 2 scrolls of identify {unknown}
 h - a scroll of enchant weapon {unknown}
 k - a scroll of immolation {unknown}
Potions
 a - 2 potions of curing
 b - a potion of magic
 j - a potion of resistance


   Skills:
 + Level 1.4 Fighting
 - Level 1.5 Dodging
 - Level 2.1 Stealth
 - Level 2.0 Spellcasting
 * Level 5.2 Conjurations


You had 3 spell levels left.
You knew the following spells:

 Your Spells              Type           Power      Damage    Failure   Level
a - Magic Dart            Conj           88%        1d7       2%          1
b - Searing Ray           Conj           44%        2d6       3%          2

Your spell library contained the following spells:

 Spells                   Type           Power      Damage    Failure   Level
 Dazzling Flash           Conj/Hex       24%        N/A       22%         3
 Fulminant Prism          Conj/Hex       6%         3d7       58%         4
 Iskenderun's Mystic Bla  Conj/Tloc      12%        2d5       58%         4
 Corpse Rot               Necr/Pois/Air  2%         N/A       91%         4
 Dispel Undead            Necr           2%         3d7       91%         4
 Death Channel            Necr           1%         N/A       100%        6


Dungeon Overview and Level Annotations

Branches:
Dungeon (2/15)

Altars:

Annotations:
D:2 Crazy Yiuf


Innate Abilities, Weirdness & Mutations

You are immune to sickness and miasma.
Your stone body is resilient. (AC +3)
You are immune to poison.
You resist negative energy. (rN+)
You are resistant to electric shocks. (rElec)
You are resistant to unholy torment.
You are immune to petrification.
Your large and strong wings let you fly.
You have a somewhat thin skeletal structure. (Dex +2, Stealth+)
You are frail. (-10% HP)


Message History

You kill the goblin!
Magic restored.
k - a scroll labelled SESUIQ VOELU You now have 49 gold pieces (gained 10).
a - 3 fuming green potions (gained 1)
Found a scale mail.
You now have 63 gold pieces (gained 14).
Found a stone staircase leading down.
There is a stone staircase leading down here.
Found a hammer.
Found a runed translucent door.
Crazy Yiuf shouts!
Memorise Searing Ray, consuming 2 spell levels and leaving 3?
You start memorising the spell.
You continue memorising. x2
You finish memorising.
Spell assigned to 'b'.
It was a potion of curing.
You feel better.
It was a potion of mutation.
You feel extremely strange.
Your wings grow larger and stronger.
Your bones become slightly less dense.
You feel frail.
Unknown command.
It was a potion of resistance.
You feel protected.
Save game and exit?
Level annotation: 1 runed translucent door, Crazy Yiuf Welcome back, Flippered the Gargoyle Conjurer.
Press ? for a list of commands and other information.
You reach down and open the door.
You completely miss Crazy Yiuf.
Crazy Yiuf hits you with a +4 quarterstaff of chaos.
Space warps around you.
You hit Crazy Yiuf.
Crazy Yiuf is lightly wounded.
Crazy Yiuf hits you with a +4 quarterstaff of chaos!
* * * LOW HITPOINT WARNING * * *
Crazy Yiuf burns you.
* * * LOW HITPOINT WARNING * * *
You hit Crazy Yiuf but do no damage.
Crazy Yiuf is lightly wounded.
Crazy Yiuf hits you with a +4 quarterstaff of chaos!
Ouch! That really hurt!
You die...

#..## ##............#
######.###.#####.......#
#...>...#.#....<..(....#
#.###################..#
#.# ## #.# #.#####♣♣ ###
#....#..♣♣ ♣♣#..)#
#.#......♣♣♣♣@g...#
#.##......♣..♣#...#
#.####...♣.♣♣♣ ### #.#
##♣♣♣♣♣ #.# #.. ##.


You could see Crazy Yiuf.

Vanquished Creatures
  5 ball pythons
  2 bats (D:1)
  5 endoplasms (D:1)
  3 giant cockroaches (D:1)
  3 goblins
  A hobgoblin (D:1)
  2 quokkas (D:1)
  3 kobolds (D:1)
  A rat (D:1)
25 creatures vanquished.

Notes
Turn   | Place    | Note
-------+----------+-------------------------------------------
     0 | D:1      | Flippered the Gargoyle Conjurer began the quest for the
                  | Orb.
     0 | D:1      | Reached XP level 1. HP: 10/10 MP: 3/3
   487 | D:1      | Reached XP level 2. HP: 16/16 MP: 1/5
   606 | D:1      | Reached skill level 1 in Fighting
   719 | D:1      | Reached skill level 5 in Conjurations
   923 | D:1      | Reached XP level 3. HP: 20/20 MP: 2/6
  1319 | D:2      | Found a runed translucent door.
  1320 | D:2      | Noticed Crazy Yiuf
  1327 | D:2      | Learned a level 2 spell: Searing Ray
  1329 | D:2      | Gained mutation: Your large and strong wings let you fly.
                  | [potion of mutation]
  1329 | D:2      | Gained mutation: You have a somewhat thin skeletal
                  | structure. (Dex +2, Stealth+) [potion of mutation]
  1329 | D:2      | Gained mutation: You are frail. (-10% HP) [potion of
                  | mutation]
  1334 | D:2      | Mangled by Crazy Yiuf

Illustrated notes

Levels and vault maps discovered:
D:1:      dpeg_arrival_refuge, layout_loops_cross
D:2:      layout_loops_ring, shapermc_ecumenical_altar_petra,
          uniq_crazy_yiuf_cottage, uniq_sigmund

Skill      XL: |  1  2 |
---------------+-------+-----
Fighting       | 1 |  1.4
Conjurations   | 5 |  5.2
Dodging        | |  1.5
Stealth        | |  2.1
Spellcasting   | |  2.0

Action                   || total
-------------------------++-------
Melee: Unarmed           ||     9
       Quarterstaff      ||     8
       Spear             ||     4
 Cast: Magic Dart        ||    49
  Use: Potion            ||     3
Armor: Robe              ||     3
       Leather armour    ||     2
Dodge: Dodged            ||     6
